 Dungeon Crawl Stone Soup version 0.28-a0-872-g80cf8599ee (webtiles) character file.

Game seed: 14280675494256902106

1566 cheechan the Covert (level 8, -6/54 HPs)
             Began as an Octopode Hunter on Nov 19, 2021.
             Was a Believer of Okawaru.
             Shot with a sling bullet by Joseph (19 damage)
             ... on level 7 of the Dungeon on Nov 20, 2021.
             The game lasted 00:31:45 (7529 turns).

cheechan the Covert (Octopode Hunter)               Turns: 7529, Time: 00:31:45

Health: -6/54      AC:  1    Str: 13    XL:     8   Next: 90%
Magic:  8/8        EV: 14    Int: 13    God:    Okawaru [**....]
Gold:   312        SH:  0    Dex: 13    Spells: 7/7 levels left

rFire   . . .      SeeInvis .   b - +5 dagger (elec)
rCold   . . .      Faith    +   (no shield)
rNeg    . . .      Spirit   .   (helmet restricted)
rPois   +          Reflect  .   j - amulet of faith
rElec   .          Harm     .   o - ring of poison resistance
rCorr   .          Rampage  .   (no ring)
Will    .....                   (no ring)
Stlth   +++++.....              (no ring)
HPRegen 0.18/turn               (no ring)
MPRegen 0.11/turn               (no ring)
                                (no ring)
                                (no ring)

@: no status effects
A: almost no armour, amphibious, 8 rings, camouflage 1, gelatinous body 1,
(nimble swimmer 1), tentacles
a: Renounce Religion, Heroism


You were on level 7 of the Dungeon.
You worshipped Okawaru.
Okawaru was pleased with you.
You visited 2 branches of the dungeon, and saw 8 of its levels.
You also visited: Ossuary.

You collected 312 gold pieces.

Inventory:

Hand Weapons
 b - a +5 dagger of electrocution (weapon)
 d - a +4 flail of freezing
 l - a +0 vorpal hunting sling
 r - a +0 shortbow
 v - a +4 war axe
 y - a +0 hand crossbow
 B - a +5 hand axe
 C - a +3 long sword
Missiles
 c - a throwing net
 g - 45 sling bullets
 h - a javelin (quivered)
 w - 30 bolts
 x - 62 arrows
Jewellery
 e - an amulet of magic regeneration
 j - an amulet of faith (around mantle)
 o - a ring of poison resistance (left tentacle)
Wands
 a - a wand of polymorph (30)
 t - a wand of iceblast (1)
Scrolls
 n - a scroll of summoning
 q - a scroll of fear
Potions
 f - a potion of invisibility
 i - 2 potions of cancellation
 k - 2 potions of curing
 s - a potion of brilliance
 u - a potion of might
 z - a potion of magic {unknown}
 A - a potion of berserk rage {unknown}


   Skills:
 + Level 4.6 Fighting
 + Level 5.1 Short Blades
 + Level 0.8(4.1) Slings
 + Level 6.5 Throwing
 + Level 3.7 Dodging
 + Level 8.0 Stealth


You had 7 spell levels left.
You didn't know any spells.
Your spell library contained the following spells:

 Spells                   Type           Power      Damage    Failure   Level
 Sting                    Tmut/Pois      0%         1d3       30%         1
 Poisonous Vapours        Pois/Air       0%         N/A       43%         2
 Olgreb's Toxic Radiance  Pois           0%         N/A       97%         4


Dungeon Overview and Level Annotations

Branches:
Dungeon (7/15)             Temple (1/1) D:4         Ossuary (visited)

Altars:
Ashenzari
Cheibriados
Dithmenos
Elyvilon
Fedhas
Makhleb
Nemelex Xobeh
Okawaru
Qazlal
Ru
Sif Muna
Uskayaw
Vehumet
Wu Jian
Yredelemnul
Zin
The Shining One

Annotations:
D:5 3 runed translucent doors, Encipher's ghost, novice BaTm
D:7 Joseph


Innate Abilities, Weirdness & Mutations

You cannot wear most types of armour.
You are amphibious.
You can wear up to eight rings at the same time.
Your skin changes colour to match your surroundings (Stealth+).
Your rubbery body absorbs attacks. (AC +1, EV +1)
((You are camouflaged near water. (Stealth+)))
You have tentacles for arms and can constrict up to eight enemies at once.


Message History

A nearby plant withers and dies. x2; Joseph drinks a potion.
Joseph seems to speed up.
Aiming: Iceblast
Press: ? - help, Q - select action, (/) - cycle Shift-Dir - straight line, f/p - Joseph
Aim: Joseph, wielding a +0 hunting sling, wearing a +0 leather armour, quivering sling bullets and carrying a wand of flame (13) (lightly wounded, fast)
The mass of ice explodes!
The iceblast engulfs Joseph!
Joseph is moderately wounded.
The iceblast engulfs the white imp!
The white imp partially resists.
You kill the white imp!
Okawaru accepts your kill.
The iceblast engulfs the plant!
The plant is lightly damaged.
A nearby plant withers and dies.
Joseph shoots a sling bullet.
The sling bullet hits you.
Joseph shoots a sling bullet.
The sling bullet hits you!
Throw: 4 javelins
Press: ? - help, Q - select action, (/) - cycle Shift-Dir - straight line, f/p - Joseph
Aim: Joseph, wielding a +0 hunting sling, wearing a +0 leather armour, quivering sling bullets and carrying a wand of flame (13) (moderately wounded, fast, 63% to hit)
You throw a javelin. The javelin closely misses Joseph.
Joseph shoots a sling bullet.
The sling bullet hits you!!
Throw: 3 javelins
Press: ? - help, Q - select action, (/) - cycle Shift-Dir - straight line, f/p - Joseph
Aim: Joseph, wielding a +0 hunting sling, wearing a +0 leather armour, quivering sling bullets and carrying a wand of flame (13) (moderately wounded, fast, 63% to hit)
You throw a javelin. The javelin barely misses Joseph.
Joseph zaps a wand.
The puff of flame misses you.
You feel much better.
Joseph zaps a wand.
The puff of flame hits you!
Joseph zaps a wand.
The puff of flame hits you.
Throw: 2 javelins
Press: ? - help, Q - select action, (/) - cycle Shift-Dir - straight line, f/p - Joseph
Aim: Joseph, wielding a +0 hunting sling, wearing a +0 leather armour, quivering sling bullets and carrying a wand of flame (10) (moderately wounded, fast, 63% to hit)
You throw a javelin. The javelin pierces through Joseph!
Joseph is heavily wounded.
You hear a splash.
Joseph shoots a sling bullet.
The sling bullet hits you!
* * * LOW HITPOINT WARNING * * *
You feel better.
Joseph is engulfed in a cloud of scalding steam.
Joseph says, "Drop everything you've found here and return home."
Joseph shoots a sling bullet.
The sling bullet hits you!!
You die...

###....#######
.............[
.#.<.......#
.#.........#
...........# ##
###........# .. #
###......# ##.####
#####>.....######..§@(≈#
................@.^≈§≈≈(
###############..#≈≈§≈≈♣
##..≈≈♣♣♣♣ #.P≈♣♣ #.P≈≈♣
#.PP≈♣ #..P≈.≈ #####P.


You could see Joseph (fast).

Vanquished Creatures
  2 wraiths (Ossuary)
  2 sky beasts
  A necrophage (D:6)
  2 phantoms
  A bullfrog (D:6)
  A scorpion (D:7)
  6 wights
  3 howler monkeys (D:7)
  An orc priest (D:7)
  A human zombie (D:5)
  5 iguanas
  A hound zombie (D:5)
  3 hound skeletons
  2 adders
  A white imp (D:7)
  An adder zombie (Ossuary)
  4 worms
  A dart slug (D:3)
  7 orcs
  4 bats
  9 endoplasms
  2 giant cockroaches
  5 goblins
  12 hobgoblins
  A quokka (D:4)
  6 ball pythons
  2 ball python skeletons (Ossuary)
  3 frilled lizards
  A hobgoblin zombie (D:5)
  6 kobolds
  3 orc skeletons (Ossuary)
  2 orc zombies (Ossuary)
  7 rats
108 creatures vanquished.

Vanquished Creatures (others)
  3 orcs (D:4)
  3 fungi (D:5)
  9 plants
15 creatures vanquished.

Grand Total: 123 creatures vanquished

Notes
Turn   | Place    | Note
-------+----------+-------------------------------------------
     0 | D:1      | cheechan the Octopode Hunter began the quest for the Orb.
     0 | D:1      | Reached XP level 1. HP: 14/14 MP: 1/1
   225 | D:1      | Reached XP level 2. HP: 13/19 MP: 2/2
   470 | D:1      | Found a faded altar of an unknown god.
   880 | D:2      | Reached skill level 2 in Stealth
   884 | D:2      | Reached XP level 3. HP: 14/24 MP: 3/3
  1462 | D:2      | Reached skill level 1 in Short Blades
  1783 | D:3      | Reached XP level 4. HP: 25/29 MP: 4/4
  2029 | D:3      | Upgraded the game from 0.28-a0-863-g8cecda6153 to
                  | 0.28-a0-872-g80cf8599ee
  2919 | D:4      | Found a hide-covered altar of Uskayaw.
  3062 | D:4      | Reached skill level 5 in Throwing
  3132 | D:4      | Reached XP level 5. HP: 31/35 MP: 5/5
  3264 | D:4      | Reached skill level 3 in Stealth
  3677 | D:4      | Found a sacrificial altar of Ru.
  3705 | D:4      | Found a staircase to the Ecumenical Temple.
  3714 | Temple   | Entered the Ecumenical Temple
  3824 | Temple   | Became a worshipper of Warmaster Okawaru
  4059 | D:4      | Noticed a phantom
  4073 | D:4      | Killed a phantom
  4074 | D:4      | Reached XP level 6. HP: 10/41 MP: 6/6
  4391 | D:5      | Entered Level 5 of the Dungeon
  4403 | D:5      | Found a snail-covered altar of Cheibriados.
  4409 | D:5      | Found a radiant altar of Vehumet.
  4500 | D:5      | Found a sand-covered staircase.
  4503 | D:5      | Found a broken altar of Ashenzari.
  4532 | Ossuary  | Entered an ossuary
  4774 | Ossuary  | Noticed a wraith
  4774 | Ossuary  | Noticed a flying skull
  4781 | Ossuary  | Noticed a flying skull
  4786 | Ossuary  | Noticed a flying skull
  4811 | Ossuary  | Noticed a flying skull
  4817 | Ossuary  | Noticed a wraith
  4822 | Ossuary  | Killed a wraith
  4822 | Ossuary  | Reached * piety under Okawaru
  4823 | Ossuary  | Reached skill level 4 in Stealth
  4823 | Ossuary  | Reached XP level 7. HP: 29/46 MP: 7/7
  4943 | Ossuary  | Noticed a wraith
  4954 | Ossuary  | Killed a wraith
  4955 | Ossuary  | Reached skill level 5 in Stealth
  5526 | D:5      | Found a runed translucent gate.
  5526 | D:5      | Found a runed translucent gate.
  5526 | D:5      | Found a runed translucent gate.
  5528 | D:5      | Noticed Encipher's ghost (novice BaTm)
  5611 | D:5      | Found an ornate altar of the Wu Jian Council.
  5689 | D:5      | Noticed a two-headed ogre
  5871 | D:5      | Found a white marble altar of Elyvilon.
  6084 | D:6      | Reached skill level 6 in Stealth
  6087 | D:6      | Reached XP level 8. HP: 20/54 MP: 8/8
  6652 | D:6      | Reached skill level 7 in Stealth
  7350 | D:7      | Reached skill level 5 in Short Blades
  7352 | D:7      | Reached ** piety under Okawaru
  7368 | D:7      | Reached skill level 8 in Stealth
  7429 | D:7      | Found a basalt altar of Yredelemnul.
  7520 | D:7      | Noticed Joseph
  7529 | D:7      | Shot with a sling bullet by Joseph

Illustrated notes

Levels and vault maps discovered:
D:1:      lightli_arrival_farm, layout_basic,
          shapermc_ecumenical_altar_mp_highgroup, serial_curves, eino_curves_03,
          eino_curves_01
D:2:      layout_basic, serial_corexii_hall, chequers_hall_statues_y,
          corexii_hall_statues_s, corexii_hall_statues_s,
          corexii_hall_statues_l, serial_bayou_pond_b
D:3:      layout_basic, wander_ebering_terrifying_dragon_lair
D:4:      layout_basic, mainiacjoe_overflow_catwalk, kennysheep_mini,
          lemuel_temple_firewalk_a
D:5:      layout_rooms, nicolae_wu_jian_immortal_techniques,
          mainiacjoe_overflow_small_starburst,
          mainiacjoe_overflow_catwalk_spiral, ashenzari_conservatory_becter,
          enter_ossuary_3, gammafunk_ghost_nasty_kobolds, lightli_corner_chamber
D:6:      layout_cave_pods
D:7:      layout_basic, mainiacjoe_overflow_brackets, serial_bayou_pond_c,
          nicolae_figureground_sparkle, uniq_crazy_yiuf_cottage, uniq_joseph
Temple:   kb_temple_of_zot

Skill      XL: |  1  2  3  4  5  6  7  8 |
---------------+-------------------------+-----
Stealth        | 2 3 4 6 8 |  8.0
Short Blades   | 1 2 3 4 5 |  5.1
Throwing       | 5 6 |  6.5
Fighting       | 3 4 |  4.6
Dodging        | 3 |  3.7
Slings         | |  0.8

Action                   |  1- 3 |  4- 6 |  7- 9 || total
-------------------------+-------+-------+-------++-------
Melee: Short sword       |    57 |       |       ||    57
       Constrict         |    20 |    14 |     9 ||    43
       Tentacles         |    12 |    17 |    16 ||    45
       Dagger            |    17 |    77 |    73 ||   167
 Fire: Hunting sling     |       |       |    10 ||    10
Throw: Javelin           |    13 |    36 |    12 ||    61
       Throwing net      |       |       |     1 ||     1
Evoke: Wand              |       |       |     8 ||     8
  Use: Scroll            |     2 |     4 |    13 ||    19
       Potion            |       |     1 |     5 ||     6
 Stab: Sleeping          |     2 |     6 |     3 ||    11
Armor: Skin              |     8 |     1 |     1 ||    10
Dodge: Dodged            |    57 |    35 |    35 ||   127

Table legend: (Time is in decaauts)
 A = Elapsed time spent in this place.
 B = Non-inter-level travel time spent in this place.
 C = Inter-level travel time spent in this place.
 D = Time resting spent in this place.
 E = Time spent auto-exploring this place.
 F = Levels seen in this place.
 G = Mean time per level.
                   A        B        C        D        E       F      G
               +--------+--------+--------+--------+--------+-----+--------+
         Total |   7542 |   7542 |      0 |   1461 |      0 |   9 |  838.0 |
       Dungeon |   6493 |   6493 |      0 |    904 |      0 |   7 |  927.6 |
        Temple |    156 |    156 |      0 |      0 |      0 |   1 |  156.0 |
       Ossuary |    891 |    891 |      0 |    557 |      0 |   1 |  891.0 |
               +--------+--------+--------+--------+--------+-----+--------+

Top non-repeatable levels by time:
     D:4: 1379 daAuts
     D:6: 1302 daAuts
     D:3: 1136 daAuts
 Ossuary: 891 daAuts
     D:1: 868 daAuts
     D:2: 859 daAuts
     D:5: 688 daAuts
     D:7: 258 daAuts
  Temple: 156 daAuts
